 Dungeon Crawl Stone Soup version 0.17.1-3-g152610e (webtiles) character file.

268 Gargoyl the Skirmisher (level 6, 0/73 HPs)
             Began as a Demonspawn Abyssal Knight on Mar 11, 2016.
             Was a Believer of Lugonu.
             Succumbed to Edmund's poison
             ... on level 4 of the Dungeon.
             The game lasted 00:07:05 (4005 turns).

Gargoyl the Skirmisher (Demonspawn Abyssal Knight)  Turns: 4005, Time: 00:07:05

Health: 0/73       AC: 23    Str: 15    XL:     6   Next: 1%
Magic:  8/8        EV:  2    Int: 13    God:    Lugonu [**....]
Gold:   110        SH:  0    Dex: 12    Spells: 0 memorised, 5 levels left

rFire  + . .     SeeInvis .     a - +1 hand axe
rCold  + . .     Clarity  .     (armour currently unavailable)
rNeg   + + +     SustAt   .     (no shield)
rPois  +         Gourm    .     (helmet currently unavailable)
rElec  +         Spirit   .     (cloak currently unavailable)
rCorr  +         Warding  .     (gloves currently unavailable)
rMut   .         NoTele   +     (boots currently unavailable)
MR     .....                    (no amulet)
Stlth  +.........               (no ring)
                                (no ring)

@: lethally poisoned (0 -> -9), tree-form, resistant, not resistant to hostile
enchantments, very unstealthy
A: (claws 0), (yellow scales 0), (fire resistance 0)
a: Depart the Abyss, Bend Space, Renounce Religion


You were on level 4 of the Dungeon.
You worshipped Lugonu.
Lugonu was pleased with you.
You were not hungry.
You were a tree.
You visited 1 branch of the dungeon, and saw 4 of its levels.
You visited the Abyss 1 time.

You collected 110 gold pieces.

Inventory:

Hand Weapons
 a - a +1 hand axe (weapon)
 h - a +0 spear
 t - a +0 flail
Missiles
 v - 3 javelins (quivered)
Armour
 e - a cursed +0 chain mail (melded)
 k - a +1 pair of gloves (melded)
 y - a +0 pair of boots (melded)
Wands
 p - a wand of digging (15)
 q - a wand of frost (13)
 r - a wand of frost (23)
Scrolls
 c - 3 scrolls of identify {unknown}
 d - a scroll of remove curse {unknown}
 g - a scroll of magic mapping {unknown}
 i - a scroll of noise {unknown}
 j - a scroll of amnesia {unknown}
 l - 3 scrolls of immolation {unknown}
 n - a scroll of teleportation {unknown}
Potions
 s - 2 potions of poison
Comestibles
 m - 2 meat rations
 x - a royal jelly


   Skills:
 + Level 4.5 Fighting
 + Level 3.1 Axes
 + Level 3.2 Armour
 + Level 1.8 Dodging
 + Level 3.1 Invocations


You had 5 spell levels left.
You didn't know any spells.

Dungeon Overview and Level Annotations

Branches:
Dungeon (4/15)
 Temple: D:4-7

Altars:

Annotations:
D:4 Edmund


Innate Abilities, Weirdness & Mutations

((You have sharp fingernails.))
((You are mostly covered in yellow scales (AC +3).))
((Your flesh is heat resistant.))


Message History

You feel sick. Edmund hits you but does no damage.
You hit Edmund but do no damage.
Edmund is severely wounded.
* * * LOW HITPOINT WARNING * * *
You feel sick. Edmund hits you but does no damage.
You hit Edmund but do no damage.
Edmund is severely wounded.
* * * LOW HITPOINT WARNING * * *
You feel sick. Edmund hits you but does no damage.
You hit Edmund but do no damage.
Edmund is severely wounded.
* * * LOW HITPOINT WARNING * * *
You feel sick. Edmund hits you but does no damage.
You hit Edmund.
Edmund is severely wounded.
* * * LOW HITPOINT WARNING * * *
You feel sick. Edmund hits you but does no damage.
You hit Edmund.
Edmund is severely wounded.
You die...

#.####### .#
#.# .# #.# .#
#.# .# #.# .#
#.# .# #.# .#
#.#########@#
#.........♣[#
#############


You could see Edmund.

Vanquished Creatures
  Ijyb (D:2)
  Jessica (D:2)
  Natasha (thrice) (D:3)
  10 adders
  An ooze (D:3)
  5 worms
  A giant gecko (D:3)
  9 orcs (D:3)
  7 bats
  4 giant cockroaches
  6 goblins
  3 hobgoblins (D:1)
  7 kobolds
  A ball python (D:1)
  A giant newt (D:2)
  4 jackals (D:2)
  A quokka (D:2)
  8 rats
73 creatures vanquished.

Notes
Turn   | Place    | Note
--------------------------------------------------------------
     0 | Abyss:1  | Gargoyl the Demonspawn Abyssal Knight began the quest for the Orb.
     0 | Abyss:1  | Reached XP level 1. HP: 18/18 MP: 2/2
    65 | Abyss:1  | Found a viscous altar of Jiyva.
    74 | Abyss:1  | Found a corrupted altar of Lugonu.
    86 | Abyss:1  | Noticed a wraith
    98 | Abyss:1  | Found a bloodstained altar of Trog.
   100 | Abyss:1  | Noticed a sixfirhy
   103 | D:1      | Escaped the Abyss
   342 | D:1      | Reached * piety under Lugonu
   479 | D:1      | Gained mutation: Your flesh is heat resistant. [demonic ancestry]
   479 | D:1      | Reached XP level 2. HP: 24/24 MP: 4/4
   528 | D:1      | Reached skill level 1 in Dodging
  1112 | D:2      | Reached XP level 3. HP: 25/29 MP: 5/5
  1455 | D:2      | Noticed Ijyb
  1479 | D:2      | Killed Ijyb
  1479 | D:2      | Gained mutation: You are partially covered in yellow scales (AC +2). [demonic ancestry]
  1479 | D:2      | Reached XP level 4. HP: 27/37 MP: 6/6
  1626 | D:2      | Noticed Jessica
  1639 | D:2      | Killed Jessica
  1639 | D:2      | Reached skill level 4 in Fighting
  2439 | D:3      | Gained mutation: You have sharp fingernails. [demonic ancestry]
  2439 | D:3      | Reached XP level 5. HP: 39/42 MP: 7/7
  2575 | D:3      | Reached ** piety under Lugonu
  2595 | D:3      | Noticed Natasha
  2605 | D:3      | Killed Natasha
  3271 | D:3      | Noticed Natasha
  3278 | D:3      | Killed Natasha
  3591 | D:3      | Noticed Natasha
  3597 | D:3      | Killed Natasha
  3849 | D:3      | Gained mutation: You are mostly covered in yellow scales (AC +3). [demonic ancestry]
  3849 | D:3      | Reached XP level 6. HP: 49/49 MP: 8/8
  3961 | D:4      | Noticed Edmund
  4003 | D:4      | HP: 3/73 [poisoned by Edmund]
  4005 | D:4      | Succumbed to Edmund's poison

Action                   |  1- 3 |  4- 6 || total
-------------------------+-------+-------++-------
Melee: Hand axe          |   119 |   285 ||   404
Invok: Depart the Abyss  |     1 |       ||     1
  Use: Potion            |       |     6 ||     6
  Eat: Bread ration      |     1 |       ||     1
       Chunk             |       |     6 ||     6
